 Dungeon Crawl Stone Soup version 0.29-a0-845-g6161e89988 (webtiles) character file.

Game seed: 9825916005271437231

569 clackabat the Spear-Bearer (level 7, -3/56 HPs)
             Began as a Merfolk Berserker on July 16, 2022.
             Was a Priest of Trog.
             Engulfed by a cloud of flame (6 damage)
             ... on level 5 of the Dungeon.
             The game lasted 00:07:28 (4511 turns).

clackabat the Spear-Bearer (Merfolk Berserker)      Turns: 4511, Time: 00:07:29

Health: -3/56      AC: 11    Str: 20    XL:     7   Next: 33%
Magic:  7/7        EV: 13    Int:  7    God:    Trog [***...]
Gold:   162        SH:  0    Dex: 15    Spells: 6/6 levels left

rFire   . . .      SeeInvis .   a - +1 spear (flame)
rCold   . . .      Faith    +   (no shield)
rNeg    . . .      Spirit   .   l - +0 ring mail
rPois   .          Reflect  .   h - +0 helmet
rElec   .          Harm     .   w - +0 cloak
rCorr   .          Rampage  .   y - +2 pair of gloves {Str+3}
Will    +++..                   n - +0 pair of boots
Stlth   +.........              r - amulet of faith
HPRegen 1.18/turn               o - ring of willpower
MPRegen 0.10/turn               (no ring)

@: strong-willed, regenerating
A: (nimble swimmer 2), mertail
a: Renounce Religion, Berserk, Trog's Hand


You were on level 5 of the Dungeon.
You worshipped Trog.
Trog was most pleased with you.
You visited 1 branch of the dungeon, and saw 5 of its levels.

You collected 228 gold pieces.
You spent 66 gold pieces at shops.

Inventory:

Hand Weapons
 a - a +1 spear of flaming (weapon)
Missiles
 g - 5 poisoned darts (quivered)
Armour
 h - a +0 helmet (worn)
 l - a +0 ring mail (worn)
 n - a +0 pair of boots (worn)
 w - a +0 cloak (worn)
 y - a +2 pair of gloves of strength (worn)
Jewellery
 o - a ring of willpower (left hand)
 r - an amulet of faith (around neck)
Wands
 z - a wand of paralysis (4)
Scrolls
 c - 2 scrolls of enchant armour
 d - a scroll of amnesia {unknown}
 m - 2 scrolls of enchant weapon
 p - a scroll of fear
 t - a scroll of teleportation
 u - a scroll of silence {unknown}
 x - a scroll of poison {unknown}
Potions
 b - a potion of lignification
 e - 2 potions of resistance
 f - 3 potions of invisibility {unknown}
 i - a potion of cancellation
 j - 3 potions of degeneration {unknown}
 k - 2 potions of haste {unknown}
 q - 3 potions of curing
 s - a potion of attraction {unknown}
 v - 2 potions of heal wounds {unknown}


   Skills:
 + Level 5.2 Fighting
 * Level 8.1 Polearms
 - Level 1.3 Armour
 + Level 5.6 Dodging


You had 6 spell levels left.
You didn't know any spells.
Your spell library was empty.

Dungeon Overview and Level Annotations

Branches:
Dungeon (5/15)
 Temple: D:4-7

Altars:
Makhleb
Okawaru
Qazlal
Zin

Shops:
D:5 !

Annotations:
D:5 1 transporter


Innate Abilities, Weirdness & Mutations

((You are very nimble when in or above water. (Stealth+, EV+, Speed+++)))
Your lower body shifts to a powerful aquatic tail in water.


Message History

The ice beast is almost dead.
The ice beast hits you but does no damage.
You hit the ice beast.
You melt the ice beast.
You kill the ice beast!
Trog accepts your kill.
Your Polearms skill increases to level 8!
No target in view!
No target in view!
Found a stone staircase leading up.
Found a robe.
You see here a +0 ring mail.
Your legs become a tail as you enter the water.
Your +0 pair of boots melds into your body.
Your +0 pair of boots unmelds from your body.
Things that are here:
a +0 falchion; a +0 chain mail; a +0 flail Partly explored, unvisited transporter.
Partly explored, unvisited transporter.
Partly explored, unvisited transporter.
There is a transporter here.
You enter the transporter and appear at another place.
e - 2 potions of resistance (gained 1)
You open the gate.
The fire bat bites you but does no damage.
A fire bat comes into view.
You are engulfed in blazing flames.
The fire bat bites you but does no damage.
The fire bat bites you.
You are engulfed in flames!
There is an open gate, spattered with blood here.
Your skin crawls.
You feel strong-willed.
You are engulfed in blazing flames.
* * * LOW HITPOINT WARNING * * *
The fire bat barely misses you. The fire bat closely misses you.
The fire bat bites you.
* * * LOW HITPOINT WARNING * * *
You are engulfed in flames!
* * * LOW HITPOINT WARNING * * *
You are engulfed in blazing flames.
You die...

.##.....###..[###...###..##......
.#.:.....##....#######...####....
........########○○°°○##.###......
........#.○.☼○○#☼○°☼○#..#...#..#.
........#.☼☼.○☼#○○☼°○##....##....
........#○°#.#b'☼☼.$$#...........
#......©#°○©.b.☼°..?©#©..##.....#
#..#....#.°#.#.○○○.?$#.....#'''#.
...##...#°.°b○.#@.○°°#....##...##
........#..○.°°#○○○○°###.##.....#
.....)..########○☼○°○# #.#.......
...........##..#########.#...∩...
............#.....####.#.#.......
..>#.....................##.....#
..##....<....#.........#.###...##
#.##......##...........### #####.
####......#.....<.....## #.....


You could see 2 fire bats.

Vanquished Creatures
  A water moccasin (D:5)
  An ice beast (D:5)
  3 hounds
  3 orc priests (D:5)
  An iguana (D:4)
  6 adders
  2 shadow imps (D:5)
  An ufetubus (D:4)
  4 dart slugs
  4 worms
  12 orcs
  4 ball pythons
  3 endoplasms
  3 giant cockroaches
  5 goblins
  8 hobgoblins
  2 quokkas
  7 bats
  2 frilled lizards (D:1)
  4 kobolds
  5 rats
81 creatures vanquished.

Vanquished Creatures (others)
  4 fungi (D:5)
4 creatures vanquished.

Grand Total: 85 creatures vanquished

Notes
Turn   | Place    | Note
-------+----------+-------------------------------------------
     0 | D:1      | clackabat the Merfolk Berserker began the quest for the
                  | Orb.
     0 | D:1      | Reached XP level 1. HP: 18/18 MP: 1/1
   180 | D:1      | Found a faded altar of an unknown god.
   293 | D:1      | Reached XP level 2. HP: 24/24 MP: 2/2
   900 | D:2      | Found a glowing silver altar of Zin.
  1060 | D:2      | Reached XP level 3. HP: 12/29 MP: 3/3
  1543 | D:2      | Reached ** piety under Trog
  1639 | D:3      | Reached skill level 5 in Polearms
  2091 | D:3      | Reached XP level 4. HP: 37/37 MP: 4/4
  2577 | D:4      | Reached XP level 5. HP: 22/42 MP: 5/5
  2580 | D:4      | Reached skill level 6 in Polearms
  2920 | D:4      | Found a burning altar of Makhleb.
  2921 | D:4      | Found a stormy altar of Qazlal.
  2978 | D:4      | Reached *** piety under Trog
  3282 | D:5      | Entered Level 5 of the Dungeon
  3283 | D:5      | Found a transporter.
  3330 | D:5      | Reached XP level 6. HP: 39/49 MP: 6/6
  3450 | D:5      | Found an iron altar of Okawaru.
  3590 | D:5      | Reached skill level 7 in Polearms
  3597 | D:5      | Reached skill level 5 in Dodging
  3863 | D:5      | Found Zit Axko's Distillery.
  3863 | D:5      | Noticed a water moccasin
  3909 | D:5      | Killed a water moccasin
  3910 | D:5      | Reached skill level 5 in Fighting
  3910 | D:5      | Reached XP level 7. HP: 44/56 MP: 7/7
  4181 | D:5      | Bought 2 potions of curing for 66 gold pieces
  4186 | D:5      | Found a transporter.
  4327 | D:5      | Noticed a fire bat
  4331 | D:5      | Noticed a fire bat
  4349 | D:5      | Reached skill level 8 in Polearms
  4509 | D:5      | Noticed a fire bat
  4511 | D:5      | Engulfed by a cloud of flame

Illustrated notes

Levels and vault maps discovered:
D:1:      pf_arrival_petrified_forest, layout_loops_ring,
          dreamdust_ecumenical_altar_grove
D:2:      layout_basic, basic_altar
D:3:      layout_loops_ring
D:4:      layout_rooms, mainiacjoe_overflow_large_starburst,
          minmay_parallelograms
D:5:      gammafunk_cloud_chamber, layout_cave_pools, okawaru_metal_pillars_3,
          serial_park, serial_park_gazebo [serial_park_minivault_5x5_6],
          serial_park_tiny_pond, serial_park_tiny_2, serial_park_tiny_1,
          minmay_misc_feat_ornament, moated_statue, kennysheep_windowed_goal

Skill      XL: |  1  2  3  4  5  6  7 |
---------------+----------------------+-----
Dodging        | 3 4 5 |  5.6
Polearms       | 5 6 7 8 |  8.1
Fighting       | 4 5 |  5.2
Armour         | |  1.3

Action                   |  1- 3 |  4- 6 |  7- 9 || total
-------------------------+-------+-------+-------++-------
Melee: Spear             |   145 |   142 |    24 ||   311
       Punch             |     1 |     1 |       ||     2
Invok: Berserk           |       |     2 |       ||     2
       Trog's Hand       |       |       |     1 ||     1
  Use: Scroll            |       |     8 |       ||     8
 Stab: Sleeping          |     4 |       |       ||     4
Armor: Animal skin       |     4 |       |       ||     4
       Ring mail         |    41 |    42 |     9 ||    92
Dodge: Dodged            |    73 |    60 |     9 ||   142

Table legend: (Time is in decaauts)
 A = Elapsed time spent in this place.
 B = Non-inter-level travel time spent in this place.
 C = Inter-level travel time spent in this place.
 D = Time resting spent in this place.
 E = Time spent auto-exploring this place.
 F = Levels seen in this place.
 G = Mean time per level.
                   A        B        C        D        E       F      G
               +--------+--------+--------+--------+--------+-----+--------+
         Total |   4464 |   4111 |    353 |    782 |   2784 |   5 |  892.8 |
       Dungeon |   4464 |   4111 |    353 |    782 |   2784 |   5 |  892.8 |
               +--------+--------+--------+--------+--------+-----+--------+

Top non-repeatable levels by time:
     D:5: 1219 daAuts
     D:2: 876 daAuts
     D:4: 852 daAuts
     D:3: 771 daAuts
     D:1: 744 daAuts
